 Dungeon Crawl Stone Soup version 0.28.0-1-gb440e238dd (webtiles) character file.

Game seed: 10982524772688956069

3224 issech the Basher (level 9, -11/89 HPs)
             Began as a Troll Monk on Feb 24, 2022.
             Mangled by an orc warrior (21 damage)
             ... in a bailey.
             The game lasted 00:22:01 (6181 turns).

issech the Basher (Troll Monk)                      Turns: 6181, Time: 00:22:01

Health: -11/89     AC:  7    Str: 27    XL:     9   Next: 66%
Magic:  8/8        EV: 11    Int:  6    God:
Gold:   233        SH:  8    Dex: 16    Spells: 8/8 levels left

rFire   . . .      SeeInvis .   D - +3 flail (drain)
rCold   . . .      Faith    .   t - +0 kite shield
rNeg    . . .      Spirit   .   b - +0 robe
rPois   .          Reflect  .   (helmet restricted)
rElec   .          Harm     .   l - +2 cloak
rCorr   .          Rampage  .   (gloves unavailable)
Will    .....                   (boots unavailable)
Stlth   ++........              (no amulet)
HPRegen 1.04/turn               u - +6 ring of strength
MPRegen 0.11/turn               (no ring)

@: no status effects
A: large, unfitting armour, claws 3, regeneration 1, shaggy fur 1, tough skin 1
a: no special abilities


You were in a bailey.
You visited 1 branch of the dungeon, and saw 7 of its levels.
You also visited: Bailey.

You collected 233 gold pieces.

Inventory:

Hand Weapons
 a - a +0 mace
 k - a +4 quarterstaff of chaos
 m - a +2 dagger of venom
 n - a +1 flail of protection
 p - a +1 whip of pain
 q - a +0 spectral club
 w - a +2 whip of flaming
 x - a +1 giant spiked club
 D - a +3 flail of draining (weapon)
 H - the +0 trident of Haoban {venom, rC++ Stlth+}
   (You found it on level 7 of the Dungeon)

   It poisons the flesh of those it strikes.
   rC:        It greatly protects you from cold.
   Stlth:     It makes you more stealthy.
 I - a +0 hand crossbow
 L - a +1 spear of freezing
Missiles
 d - 37 bolts
 f - 111 stones (quivered)
 o - 20 boomerangs
 s - 20 sling bullets
 z - 9 poisoned darts
 A - 107 arrows
 C - 3 boomerangs of dispersal
 J - 6 curare-tipped darts
 K - 4 atropa-tipped darts
Armour
 b - a +0 robe (worn)
 l - a +2 cloak (worn)
 t - a +0 kite shield (worn)
Jewellery
 u - a +6 ring of strength (left claw)
Wands
 y - a wand of flame (23)
Scrolls
 e - a scroll of teleportation
 g - 2 scrolls of summoning
 h - 2 scrolls of fear
 B - 2 scrolls of magic mapping
 E - a scroll of enchant weapon
 F - a scroll of identify
Potions
 c - a potion of berserk rage
 i - 2 potions of mutation {unknown}
 j - 2 potions of curing {unknown}
 r - a potion of brilliance {unknown}
 v - a potion of lignification {unknown}
 G - 2 potions of flight {unknown}


   Skills:
 + Level 5.8 Fighting
 + Level 8.9 Maces & Flails
 + Level 1.0(5.1) Staves
 + Level 6.0 Dodging
 + Level 2.1 Stealth
 + Level 1.9 Shields


You had 8 spell levels left.
You didn't know any spells.
Your spell library contained the following spells:

 Spells                   Type           Power      Damage    Failure   Level
 Sting                    Tmut/Pois      0%         1d3       77%         1
 Poisonous Vapours        Pois/Air       0%         N/A       88%         2
 Confusing Touch          Hex            0%         N/A       98%         3
 Olgreb's Toxic Radiance  Pois           0%         N/A       100%        4
 Yara's Violent Unravell  Hex/Tmut       0%         3d3       100%        5
 Enfeeble                 Hex            0%         N/A       100%        7


Dungeon Overview and Level Annotations

Branches:
Dungeon (7/15)             Bailey (1/1)
 Temple: D:4-7

Altars:


Innate Abilities, Weirdness & Mutations

You are too large for most types of armour.
You have claws for hands.
Your natural rate of healing is unusually fast.
You are covered in fur. (AC +1)
You have tough skin. (AC +1)


Message History

As you read the scroll of teleportation, it crumbles to dust.
You feel strangely unstable.
The orc warrior hits you with a +0 broad axe.
* * * LOW HITPOINT WARNING * * *
The orc warrior misses you.
There is an empty arch of ancient stone here.
Your surroundings suddenly seem different.
An orc warrior, 2 kobold brigands and an orc knight come into view.
A kobold brigand is wielding a +0 war axe and quivering poisoned darts.
A kobold brigand is wielding a +0 war axe and quivering poisoned darts.
Found five items.
Found an iron altar of Okawaru.
The kobold brigand shouts!
The orc knight shouts!
The kobold brigand shouts!
An orc warrior comes into view. It is wielding a +0 war axe.
As you read the scroll of fear, it crumbles to dust.
You assume a fearsome visage.
The orc warrior looks frightened!
The kobold brigand looks frightened!
The orc warrior resists with some effort.
The kobold brigand looks frightened!
The orc knight looks frightened!
There is an iron altar of Okawaru here.
The orc warrior yells at you, "GO AWAY!"
You see here 4 atropa-tipped darts.
K - 4 atropa-tipped darts Cornered, the orc knight turns to fight!
You see here a +1 spear of freezing.
L - a +1 spear of freezing An orc warrior opens the door.
Cornered, the kobold brigand turns to fight!
You hit the orc warrior but do no damage.
Cornered, the kobold brigand turns to fight!
The orc warrior hits you with a +0 war axe!
* * * LOW HITPOINT WARNING * * *
The orc warrior closely misses you.
The kobold brigand throws a poisoned dart.
The poisoned dart barely misses you. You block the orc warrior's attack.
The orc knight roars a battlecry!
The orc warrior goes into a battle-frenzy!
You see here 298 gold pieces.
The kobold brigand throws a poisoned dart.
You block the poisoned dart.
The orc warrior hits you with a +0 war axe!!
You die...

##### ####._.####
###.)....$[.###
#.....K.oo....##
#.......K.@.....#
#...............#
##.............##
###.........###
####...####
###'### ##..(..##
#...8...#
#∩|...$∩#


You could see an orc knight, an orc warrior (strong) and 2 kobold brigands.

Vanquished Creatures
  Pikel (D:5)
  Grinder (D:4)
  Edmund (D:5)
  3 water moccasins
  An orc warrior (D:6)
  A sky beast (D:4)
  3 ogres
  A centaur (D:5)
  A phantom (D:3)
  A lemure (D:5)
  3 kobold brigands (Bailey)
  A bullfrog (D:6)
  A water moccasin zombie (D:5)
  5 scorpions
  A water moccasin skeleton (D:5)
  A howler monkey (D:6)
  2 bullfrog zombies
  2 jellies
  A bullfrog skeleton (D:5)
  Crazy Yiuf (D:2)
  2 hounds
  A centaur zombie (D:6)
  3 orc priests
  A centaur skeleton (D:6)
  Jessica (D:3)
  Natasha (twice) (D:3)
  An iguana (D:5)
  5 orc wizards
  2 hound skeletons (D:5)
  5 adders
  2 white imps (D:6)
  3 worms
  2 dart slugs
  19 orcs
  7 endoplasms
  4 giant cockroaches
  7 goblins
  5 hobgoblins
  4 jackals (D:4)
  5 quokkas
  7 ball pythons
  3 bats
  16 kobolds
  2 rats
141 creatures vanquished.

Notes
Turn   | Place    | Note
-------+----------+-------------------------------------------
     0 | D:1      | issech the Troll Monk began the quest for the Orb.
     0 | D:1      | Reached XP level 1. HP: 22/22 MP: 0/0
   563 | D:1      | Reached XP level 2. HP: 25/29 MP: 1/1
   630 | D:1      | Reached skill level 3 in Maces & Flails
   821 | D:2      | Reached XP level 3. HP: 16/36 MP: 2/2
  1302 | D:2      | Found a faded altar of an unknown god.
  1350 | D:2      | Found a runed translucent door.
  1351 | D:2      | Noticed Crazy Yiuf
  1860 | D:2      | HP: 1/35 [Crazy Yiuf (2)]
  1964 | D:2      | Killed Crazy Yiuf
  1965 | D:2      | Reached XP level 4. HP: 39/44 MP: 3/3
  2084 | D:3      | Reached skill level 4 in Maces & Flails
  2084 | D:3      | Reached XP level 5. HP: 6/53 MP: 4/4
  2206 | D:3      | Noticed Jessica
  2227 | D:3      | Killed Jessica
  2348 | D:3      | Noticed a phantom
  2359 | D:3      | Killed a phantom
  2360 | D:3      | Reached XP level 6. HP: 61/61 MP: 5/5
  2590 | D:3      | You fall into a shaft and drop 2 floors!
  2590 | D:5      | Entered Level 5 of the Dungeon
  2615 | D:5      | Reached skill level 1 in Staves
  2652 | D:4      | Noticed Pikel
  2725 | D:5      | Killed Pikel
  2726 | D:5      | Reached skill level 5 in Maces & Flails
  2726 | D:5      | Reached XP level 7. HP: 11/68 MP: 6/6
  2787 | D:5      | Reached skill level 6 in Maces & Flails
  2931 | D:4      | Noticed Grinder
  2942 | D:4      | Killed Grinder
  2943 | D:4      | Reached XP level 8. HP: 31/78 MP: 7/7
  3200 | D:3      | Noticed Natasha
  3214 | D:3      | Killed Natasha
  3292 | D:3      | Noticed Natasha
  3311 | D:3      | Killed Natasha
  3312 | D:3      | Reached skill level 5 in Dodging
  3684 | D:5      | Reached skill level 7 in Maces & Flails
  3971 | D:5      | Reached skill level 5 in Fighting
  4372 | D:5      | Noticed Edmund
  4382 | D:5      | Killed Edmund
  4426 | D:5      | Reached XP level 9. HP: 64/84 MP: 8/8
  4428 | D:5      | Reached skill level 8 in Maces & Flails
  4855 | D:6      | HP: 3/88 [water moccasin (3)]
  4860 | D:6      | HP: 4/88 [poisoned by a water moccasin]
  5236 | D:6      | Reached skill level 1 in Shields
  5880 | D:7      | Identified the +0 trident of Haoban {venom, rC++ Stlth+}
  5899 | D:7      | Found a flagged portal.
  5931 | Bailey   | Entered a bailey
  6164 | Bailey   | HP: 3/89 [orc warrior (5)]
  6167 | Bailey   | Found an iron altar of Okawaru.
  6167 | Bailey   | Noticed an orc knight
  6175 | Bailey   | HP: 4/89 [orc warrior (11)]
  6181 | Bailey   | Mangled by an orc warrior

Illustrated notes

Levels and vault maps discovered:
D:1:      dpeg_arrival_arbitrary_c, layout_basic, minmay_misc_feat_hallway,
          chequers_serial_rivers_micro_c
D:2:      layout_basic, basic_ecumenical_altar, uniq_crazy_yiuf_cottage
D:3:      layout_rooms, grunt_decor_one_mirror, uniq_natasha, uniq_jessica
D:4:      layout_basic, minmay_misc_feat_cross, abandoned_shop, uniq_grinder,
          uniq_pikel
D:5:      layout_gridville, serial_co_window_serial, co_window_paths_a,
          co_window_paths_a, co_window_corner_a, co_window_paths_b,
          co_window_paths_a, co_window_2corner, co_window_corner_b,
          co_window_unsneaky_path_e, co_window_2corner,
          co_window_unsneaky_path_e, co_window_broadway_b, co_window_4corner_a,
          glass_columns_a, glass_columns_a, glass_columns_c, glass_columns_b,
          glass_columns_b, grunt_ministairs_3, uniq_edmund
D:6:      layout_loops_ring
D:7:      layout_basic, temple_statues, enter_bailey_5, minmay_misc_feat_five
Bailey:   bailey_axe_3, bailey

Skill      XL: |  1  2  3  4  5  6  7  8  9 |
---------------+----------------------------+-----
Maces & Flails | 3 4 5 6 7 8 |  8.9
Dodging        | 3 4 5 6 |  6.0
Fighting       | 3 4 5 |  5.8
Staves         | 1 |  1.0
Stealth        | 2 |  2.1
Shields        | 1 |  1.9

Action                   |  1- 3 |  4- 6 |  7- 9 || total
-------------------------+-------+-------+-------++-------
Melee: Mace              |   136 |       |       ||   136
       Punch             |     1 |       |     2 ||     3
       Quarterstaff      |       |    15 |       ||    15
       Flail             |       |    86 |   234 ||   320
       Giant spiked club |       |       |    70 ||    70
Throw: Stone             |       |       |     3 ||     3
  Use: Scroll            |     1 |       |     8 ||     9
 Stab: Sleeping          |     3 |       |     1 ||     4
       Invisible         |     1 |       |       ||     1
Armor: Robe              |    56 |    68 |   187 ||   311
Dodge: Dodged            |    94 |    98 |   262 ||   454
Block: Kite shield       |       |       |   117 ||   117
